 Dungeon Crawl Stone Soup version 0.18.1-48-g4cf74bf (webtiles) character file.

91709 nikopol the Impaler (level 15, -1/204 HPs)
             Began as a Minotaur Berserker on June 26, 2016.
             Was the Champion of Trog.
             Killed from afar by Azrael (34 damage)
             ... with damnation
             ... on level 1 of the Orcish Mines.
             The game lasted 01:36:16 (26863 turns).

nikopol the Impaler (Minotaur Berserker)           Turns: 26863, Time: 01:36:17

Health: -1/204     AC: 23    Str: 29    XL:     15   Next: 55%
Magic:  14/14      EV: 19    Int:  4    God:    Trog [******]
Gold:   1978       SH:  0    Dex: 14    Spells: 0 memorised, 14 levels left

rFire  . . .     SeeInvis .     x - +2 trident (freeze)
rCold  . . .     Gourm    .     a - +5 ring mail of Free Expression {rN+}
rNeg   + . .     Faith    .     (no shield)
rPois  +         Spirit   .     (helmet restricted)
rElec  .         Dismiss  +     s - +2 cloak
rCorr  .         Reflect  .     r - +1 pair of gloves
SustAt .         Harm     .     j - +2 pair of boots
MR     ++...                    P - amulet of dismissal
Stlth  ..........               X - ring of protection from magic
                                H - ring of poison resistance

@: berserking, very quick, very resistant to hostile enchantments, extremely
unstealthy
A: retaliatory headbutt, horns 2
a: Berserk, Trog's Hand, Brothers in Arms, Burn Spellbooks, Renounce Religion


You were on level 1 of the Orcish Mines.
You worshipped Trog.
Trog was exalted by your worship.
You were hungry.

You visited 3 branches of the dungeon, and saw 22 of its levels.
You visited the Abyss 1 time.
You also visited: Labyrinth.

You collected 1978 gold pieces.

Inventory:

Hand Weapons
 c - a +4 longbow of freezing
 i - a +2 bardiche of venom
 x - a +2 trident of freezing (weapon)
Missiles
 e - 453 arrows (quivered)
Armour
 a - the +5 ring mail of Free Expression (worn) {rN+}
   (You found it in a labyrinth)

   It protects you from negative energy.
 j - a +2 pair of boots (worn)
 r - a +1 pair of gloves (worn)
 s - a +2 cloak (worn)
 Y - a +0 chain mail of poison resistance
Jewellery
 H - a ring of poison resistance (left hand)
 I - a +3 ring of protection
 O - a +4 ring of dexterity
 P - an amulet of dismissal (around neck)
 V - an uncursed ring of flight
 X - a ring of protection from magic (right hand)
 Z - an uncursed ring of protection from fire
Wands
 w - a wand of hasting (3/9)
 Q - a wand of disintegration (20/24)
 S - a wand of digging (21/24)
Scrolls
 f - 4 scrolls of fear
 l - 5 scrolls of fog
 m - 8 scrolls of magic mapping
 t - 11 scrolls of remove curse
 v - 2 scrolls of enchant armour
 y - 2 scrolls of enchant weapon
 G - 3 scrolls of teleportation
Potions
 g - a potion of mutation {unknown}
 k - 4 potions of brilliance
 n - a potion of degeneration {unknown}
 o - 3 potions of agility
 q - 6 potions of haste
 u - 2 potions of invisibility {unknown}
 z - 5 potions of heal wounds
 C - 5 potions of curing
 F - a potion of flight {unknown}
 M - 2 potions of cancellation
 N - a potion of resistance {unknown}
 R - 3 potions of ambrosia
 T - 2 potions of might
 U - 2 potions of magic {unknown}
Comestibles
 b - 2 fruits
 d - 5 chunks of flesh
 h - 8 meat rations
 p - 18 bread rations
 A - 2 slices of pizza
 B - 13 royal jellies


   Skills:
 + Level 13.4 Fighting
 * Level 17.1 Polearms
 * Level 14.5 Bows
 + Level 13.9 Armour
 + Level 12.6 Dodging


You had 14 spell levels left.
You didn't know any spells.

Dungeon Overview and Level Annotations

Branches:
Dungeon (12/15)            Temple (0/1) D:6            Lair (8/8) D:10
  Swamp (0/4) Lair:5        Snake (0/4) Lair:5        Slime (0/6) Lair:6
    Orc (2/2) D:12            Elf (0/3) Orc:2

Altars:
Cheibriados
Dithmenos
Elyvilon
Gozag
Makhleb
Nemelex Xobeh
Okawaru
Pakellas
Trog
Vehumet
Xom

Shops:
D:5 *   D:9 (   Orc:1 **

Annotations:
Orc:1 Azrael


Innate Abilities, Weirdness & Mutations

You reflexively headbutt those who attack you in melee.
You have a pair of horns on your head.


Message History

You hit Azrael but do no damage. You headbutt Azrael!
Azrael is heavily wounded.
Azrael barely misses you. You furiously retaliate!
You headbutt Azrael! Something hits you.
* * * LOW HITPOINT WARNING * * *
You barely miss Azrael.
Azrael is heavily wounded.
Something hits you but does no damage.
A red film seems to cover your vision as you go berserk!
You feel yourself moving faster!
You feel mighty!
You are feeling hungry.
Azrael barely misses you.
A puff of frost appears from out of thin air!
The puff of frost hits you!
You puncture Azrael! You freeze Azrael. You headbutt Azrael!
Azrael is almost dead.
Something barely misses you. Azrael gestures at you.
The damnation unfurls!
The damnation engulfs you!
You die...

##.##.##.#.........#
#......#.##.....#.####
......#............#.####
....##.#..........#.....#####
.........................##.####
.............................∩.##
.........[...............##.....#
................{#.#....#.......#
........#..∩[÷(.@................
........)[.....(R..)............#
.................))...........###
....[............[.........<.##
.....[..))...................##
.........[....................#
.......[......#........##.##.##
...........#.#.##.....########
...>..)..............#.##


You could see Azrael.

Vanquished Creatures
  A bone dragon (Abyss:2)
  A tentacled starspawn (Abyss:2)
  The ghost of junkhipster the Protected, a journeyman DDFi of Makhleb (Lair:8)
  2 very ugly things (Abyss:2)
  The ghost of nikopol the Spear-Bearer, a journeyman MiBe of Trog (Lair:5)
  The ghost of Malvoorn the Basher, a journeyman CeFi of Ashenzari (Lair:4)
  Snorg (Lair:3)
  The ghost of Aquadorian the Severer, a journeyman MiFi of Xom (Lair:5)
  A minotaur (Lab)
  6 hydras
  Erica (Lair:1)
  3 thrashing horrors (Abyss:2)
  5 death yaks (Lair:7)
  Urug (Lair:1)
  An unseen horror (D:11)
  2 hill giants
  A deep elf mage (D:12)
  3 ugly things
  2 wolf spiders (Lair:8)
  2 orc sorcerers (Orc:1)
  A hornet (Lair:8)
  A griffon (Lair:8)
  6 elephants
  A guardian serpent (Lair:8)
  A sixfirhy (Abyss:2)
  19 black mambas
  22 spiny frogs
  4 gargoyles (Lab)
  2 kobold demonologists
  4 rime drakes
  11 komodo dragons
  An ancient zyme (Abyss:2)
  11 polar bears
  2 trolls
  3 raiju (Lair:8)
  A minotaur skeleton (Lab)
  31 blink frogs
  A spriggan (D:8)
  A wraith (D:12)
  2 redbacks
  8 wyverns
  2 shadows (Lab)
  50 yaks
  6 basilisks
  A fire elemental (Orc:1)
  3 hungry ghosts
  3 vampire mosquitoes (D:12)
  11 hippogriffs
  2 steam dragons (D:9)
  10 wargs
  Edmund (D:5)
  22 water moccasins
  13 hell hounds
  15 porcupines
  4 sky beasts
  14 orc warriors
  17 black bears
  A phantom (D:9)
  2 wasps (Lair:8)
  27 wolves
  7 ice beasts
  13 ogres
  6 centaurs
  11 crocodiles
  3 big kobolds
  13 giant frogs
  2 scorpions
  10 killer bees
  14 wights
  2 troll skeletons (Lab)
  2 spriggan skeletons (Lab)
  8 howler monkeys
  9 crimson imps
  17 jellies
  3 centaur zombies
  A quasit (D:5)
  14 hounds
  A giant frog skeleton (D:5)
  7 orc priests
  Crazy Yiuf (D:5)
  13 iguanas
  16 orc wizards
  15 worker ants
  5 hell rats (Lair:7)
  20 sheep
  A centaur simulacrum (D:10)
  2 hound skeletons (D:6)
  2 worker ant zombies (D:5)
  102 river rats
  16 adders
  2 shadow imps
  4 white imps (D:10)
  An ufetubus (Abyss:2)
  3 oozes
  An adder skeleton (D:5)
  A worm (D:3)
  2 dart slugs
  3 giant geckos
  69 orcs
  3 ball pythons
  2 giant cockroaches
  4 goblins
  6 hobgoblins
  22 jackals
  21 kobolds
  2 quokkas
  13 bats
  3 giant newts
  A jackal skeleton (D:6)
  4 quokka skeletons
  9 rats
  2 fungi
  2 plants
  A starspawn tentacle (Abyss:2)
891 creatures vanquished.

Vanquished Creatures (others)
  An orc priest (Orc:2)
  23 fungi
  30 plants
  2 starspawn tentacles (Abyss:2)
  57 starspawn tentacle segments (Abyss:2)
113 creatures vanquished.

Grand Total: 1004 creatures vanquished

Notes
Turn   | Place    | Note
--------------------------------------------------------------
     0 | D:1      | nikopol the Minotaur Berserker began the quest for the Orb.
     0 | D:1      | Reached XP level 1. HP: 19/19 MP: 0/0
   306 | D:1      | Reached XP level 2. HP: 27/27 MP: 1/1
  1152 | D:2      | Reached XP level 3. HP: 32/33 MP: 2/2
  1162 | D:2      | Found an opulent altar of Gozag.
  1175 | D:2      | Reached ** piety under Trog
  1178 | D:2      | Reached skill level 4 in Polearms
  1864 | D:3      | Reached XP level 4. HP: 41/41 MP: 3/3
  2577 | D:4      | Reached XP level 5. HP: 42/47 MP: 4/4
  2766 | D:4      | Reached *** piety under Trog
  2766 | D:4      | Reached skill level 5 in Fighting
  2767 | D:4      | Reached skill level 5 in Polearms
  2867 | D:4      | Reached XP level 6. HP: 56/56 MP: 5/5
  2946 | D:5      | Entered Level 5 of the Dungeon
  2986 | D:5      | Noticed a water moccasin
  2993 | D:5      | Killed a water moccasin
  2993 | D:5      | Reached skill level 5 in Armour
  3039 | D:5      | Reached XP level 7. HP: 48/62 MP: 6/6
  3426 | D:5      | Reached skill level 6 in Polearms
  3426 | D:5      | Reached skill level 5 in Dodging
  3754 | D:5      | Reached **** piety under Trog
  3754 | D:5      | Reached XP level 8. HP: 66/71 MP: 7/7
  3919 | D:5      | Noticed Edmund
  3933 | D:5      | Killed Edmund
  4002 | D:5      | Noticed Crazy Yiuf
  4009 | D:5      | Killed Crazy Yiuf
  4087 | D:5      | Found Huwaton's General Store.
  4283 | D:6      | Found a shimmering altar of Xom.
  4285 | D:6      | Found a shimmering altar of Xom.
  4285 | D:6      | Found a shimmering altar of Xom.
  4286 | D:6      | Found a shimmering altar of Xom.
  4446 | D:6      | Reached skill level 7 in Polearms
  4539 | D:6      | Found a sparkling altar of Nemelex Xobeh.
  4557 | D:6      | Found a staircase to the Ecumenical Temple.
  4717 | D:6      | Found an oddly glowing altar of Pakellas.
  5216 | D:6      | Found a shadowy altar of Dithmenos.
  5277 | D:7      | Found a burning altar of Makhleb.
  5539 | D:7      | Reached XP level 9. HP: 81/81 MP: 3/8
  5589 | D:7      | Found a white marble altar of Elyvilon.
  5590 | D:7      | Found a snail-covered altar of Cheibriados.
  5791 | D:7      | Reached skill level 8 in Polearms
  6118 | D:8      | Reached skill level 1 in Bows
  6512 | D:8      | Found an iron altar of Okawaru.
  6532 | D:8      | Got a polished hand axe
  6533 | D:8      | Identified the +2 hand axe of Analysis {antimagic, Dex+3} (You found it on level 8 of the Dungeon)
  7001 | D:8      | Reached ***** piety under Trog
  7008 | D:8      | Reached skill level 9 in Polearms
  7359 | D:9      | Reached XP level 10. HP: 90/90 MP: 9/9
  7427 | D:9      | Reached skill level 5 in Bows
  7512 | D:9      | Received a gift from Trog
  7915 | D:9      | Received a gift from Trog
  8080 | D:9      | Found Uqug's Weapon Emporium.
  8311 | D:9      | Reached skill level 10 in Polearms
  8474 | D:10     | Entered Level 10 of the Dungeon
  8937 | D:10     | Found a radiant altar of Vehumet.
  9081 | D:10     | Received a gift from Trog
  9356 | D:10     | Noticed a hill giant
  9367 | D:10     | Killed a hill giant
  9367 | D:10     | Reached XP level 11. HP: 77/99 MP: 7/10
  9495 | D:10     | Found a staircase to the Lair.
  9878 | D:11     | Reached skill level 11 in Polearms
 10028 | D:11     | Noticed a cyan ugly thing
 10041 | D:11     | Killed a cyan ugly thing
 10041 | D:11     | Reached skill level 10 in Fighting
 10500 | D:11     | Killed an unseen horror
 10901 | Lair:1   | Entered Level 1 of the Lair of Beasts
 11063 | Lair:1   | Received a gift from Trog
 11084 | Lair:1   | Noticed Erica
 11105 | Lair:1   | Killed Erica
 11105 | Lair:1   | Reached skill level 10 in Armour
 11343 | Lair:1   | Noticed Urug
 11358 | Lair:1   | Killed Urug
 11538 | Lair:1   | Reached skill level 12 in Polearms
 12214 | Lair:2   | Noticed a four-headed hydra
 12223 | Lair:2   | Killed a four-headed hydra
 12223 | Lair:2   | Reached XP level 12. HP: 107/108 MP: 11/11
 13224 | Lair:3   | Received a gift from Trog
 13330 | Lair:3   | Noticed Snorg
 13345 | Lair:3   | Received a gift from Trog
 13354 | Lair:3   | Killed Snorg
 13448 | Lair:3   | Reached skill level 10 in Dodging
 13469 | Lair:3   | Reached skill level 13 in Polearms
 13561 | Lair:3   | Reached skill level 10 in Bows
 13802 | Lair:3   | Noticed a five-headed hydra
 13812 | Lair:3   | Killed a five-headed hydra
 14348 | Lair:4   | Noticed Malvoorn's ghost (journeyman CeFi)
 14361 | Lair:4   | Killed Malvoorn's ghost
 14366 | Lair:4   | Noticed a six-headed hydra
 14619 | Lair:3   | Killed a six-headed hydra
 14893 | Lair:4   | HP: 5/110 [elephant (6)]
 15343 | Lair:4   | Reached XP level 13. HP: 116/116 MP: 12/12
 15685 | Lair:4   | Reached ****** piety under Trog
 16074 | Lair:5   | Noticed Aquadorian's ghost (journeyman MiFi)
 16323 | Lair:5   | Killed Aquadorian's ghost
 16376 | Lair:5   | Received a gift from Trog
 16383 | Lair:5   | Reached skill level 14 in Polearms
 16463 | Lair:5   | Noticed nikopol's ghost (journeyman MiBe)
 16484 | Lair:5   | Killed nikopol's ghost
 16592 | Lair:5   | Found a staircase to the Snake Pit.
 17124 | Lair:5   | Found a staircase to the Swamp.
 17179 | Lair:5   | Received a gift from Trog
 18314 | Lair:6   | Received a gift from Trog
 18362 | Lair:6   | Found a staircase to the Slime Pits.
 18654 | Lair:7   | Found a labyrinth entrance.
 18668 | Lab      | Entered a labyrinth
 20982 | Lab      | Noticed a minotaur
 20989 | Lab      | Killed a minotaur
 20999 | Lab      | Identified a scroll of acquirement
 21081 | Lab      | Cast into level 2 of the Abyss (a distortion unwield)
 21225 | Abyss:2  | Reached skill level 15 in Polearms
 21225 | Abyss:2  | Reached XP level 14. HP: 120/126 MP: 13/13
 21281 | Abyss:2  | Noticed a purple very ugly thing
 21283 | Abyss:2  | Noticed a purple very ugly thing
 21284 | Abyss:2  | Noticed a purple very ugly thing
 21317 | Abyss:2  | Killed a brown very ugly thing
 21340 | Abyss:2  | Killed a brown very ugly thing
 21380 | Abyss:2  | Noticed a bone dragon
 21390 | Abyss:2  | Noticed a tentacled starspawn
 21409 | Abyss:2  | Killed a bone dragon
 21413 | Abyss:2  | Killed a tentacled starspawn
 21418 | Lab      | Escaped the Abyss
 21522 | Lab      | Got a crude ring mail
 21535 | Lair:7   | Identified the +5 ring mail of Free Expression {rN+} (You found it in a labyrinth)
 22393 | Lair:7   | Received a gift from Trog
 22787 | Lair:8   | Entered Level 8 of the Lair of Beasts
 22867 | Lair:8   | Received a gift from Trog
 22867 | Lair:8   | Reached skill level 16 in Polearms
 22901 | Lair:8   | Noticed junkhipster's ghost (journeyman DDFi)
 22919 | Lair:8   | Killed junkhipster's ghost
 23138 | Lair:8   | Received a gift from Trog
 23356 | Lair:8   | Received a gift from Trog
 23485 | Lair:8   | Reached XP level 15. HP: 135/135 MP: 14/14
 23496 | Lair:8   | Received a gift from Trog
 24403 | Lair:8   | Received a gift from Trog
 25422 | D:12     | Found a staircase to the Orcish Mines.
 25567 | D:12     | Received a gift from Trog
 25878 | Orc:1    | Entered Level 1 of the Orcish Mines
 25878 | Orc:1    | Found Moruup's Assorted Antiques.
 25913 | Orc:1    | Found Cacaalo's Assorted Antiques.
 25948 | Orc:1    | Reached skill level 17 in Polearms
 26000 | Orc:1    | Found a bloodstained altar of Trog.
 26502 | Orc:2    | Entered Level 2 of the Orcish Mines
 26502 | Orc:2    | Found a staircase to the Elven Halls.
 26502 | Orc:2    | Noticed Azrael
 26863 | Orc:1    | Killed from afar by Azrael

Skill      XL: |  1  2  3  4  5  6  7  8  9 10 11 12 13 14 15 |
---------------+----------------------------------------------+-----
Armour         | 3 4 5 6 7 8 9 10 11 12 13 | 13.9
Fighting       | 4 5 6 7 8 9 10 11 12 13 | 13.4
Polearms       | 4 5 6 7 9 10 12 13 15 16 17 | 17.1
Dodging        | 3 4 5 6 7 8 9 10 11 12 | 12.6
Bows           | 4 7 9 10 12 13 14 | 14.5

Action                   |  1- 3 |  4- 6 |  7- 9 | 10-12 | 13-15 || total
-------------------------+-------+-------+-------+-------+-------++-------
Melee: Spear             |   104 |     5 |       |       |       ||   109
       Headbutt          |    12 |    14 |    58 |   159 |   360 ||   603
       Trident           |       |    75 |   288 |   646 |  1256 ||  2265
 Fire: Shortbow          |       |       |    54 |   302 |    71 ||   427
       Longbow           |       |       |       |       |   460 ||   460
Invok: Berserk           |       |       |     3 |     4 |    10 ||    17
       Burn Spellbooks   |       |       |       |     1 |     4 ||     5
Evoke: Wand              |       |       |       |       |     3 ||     3
  Use: Scroll            |       |       |     3 |     1 |    26 ||    30
 Stab: Distracted        |       |       |     1 |       |     2 ||     3
       Sleeping          |       |       |       |       |     1 ||     1
  Eat: Chunk             |     3 |     4 |    15 |    28 |    30 ||    80
       Pizza             |       |       |     1 |       |     1 ||     2
       Fruit             |       |       |       |     1 |       ||     1
       Beef jerky        |       |       |       |     1 |     2 ||     3
       Meat ration       |       |       |       |       |     2 ||     2
       Royal jelly       |       |       |       |       |     1 ||     1
Armor: Animal skin       |     5 |       |       |       |       ||     5
       Ring mail         |    14 |    25 |    22 |       |   162 ||   223
       Leather armour    |       |       |    14 |       |       ||    14
       Scale mail        |       |       |    62 |   137 |       ||   199
       Chain mail        |       |       |       |    56 |   178 ||   234
Dodge: Dodged            |    41 |    35 |   178 |   339 |   785 ||  1378
